 Dungeon Crawl Stone Soup version 0.31-a0-1001-g770356a28f (webtiles) character file.

Game seed: 12222060143005358515

119 Turgor the Changeling (level 4, -4/37 HPs)
             Began as a Draconian Shapeshifter on Nov 8, 2023.
             Slain by a gnoll
             ... wielding a +0 halberd
              (7 damage)
             ... on level 4 of the Dungeon.
             The game lasted 00:08:28 (2231 turns).

Turgor the Changeling (Draconian Shapeshifter)      Turns: 2231, Time: 00:08:29

Health: -4/37      AC:  5    Str: 16    XL:     4   Next: 73%
Magic:  4/4        EV: 12    Int: 10    God:
Gold:   114        SH:  0    Dex: 13    Spells: 3/3 levels left

rFire   + .          .
                       - Unarmed
rCold   . . .        (no shield)
rNeg    . . .        (body armour unavailable)
rPois   .            (helmet currently unavailable)
rElec   .            (cloak currently unavailable)
rCorr   .            (gloves currently unavailable)
SInv    .            (boots currently unavailable)
Will    +....        (no amulet)
Stlth   +            h - ring of protection from fire
HPRegen 0.26/turn    n - ring of willpower
MPRegen 0.09/turn

%: no passive effects
@: beast-form
A: beast (slay +2), AC +5, unfitting armour, cold-blooded
a: Begin Untransformation


You were on level 4 of the Dungeon.
You were a hulking beast.
You visited 1 branch of the dungeon, and saw 4 of its levels.

You collected 114 gold pieces.

Inventory:

Jewellery
 h - a ring of protection from fire (left hand)
 n - a ring of willpower (right hand)
Talismans
 b - a beast talisman
 c - a flux talisman
Scrolls
 a - a scroll of silence {unknown}
 d - a scroll of enchant weapon {unknown}
 g - a scroll of blinking {unknown}
 l - a scroll of enchant armour {unknown}
 p - 2 scrolls of poison {unknown}
 q - a scroll of teleportation {unknown}
 t - a scroll of amnesia {unknown}
Potions
 e - 3 potions of ambrosia {unknown}
 f - 2 potions of might {unknown}
 i - a potion of haste {unknown}
 j - a potion of brilliance {unknown}
 k - 3 potions of resistance {unknown}
 m - 2 potions of mutation {unknown}
 o - a potion of degeneration {unknown}
 r - 2 potions of cancellation {unknown}
 s - 2 potions of heal wounds {unknown}
 u - a potion of curing {unknown}


   Skills:
 + Level 2.4 Fighting
 + Level 2.5 Dodging
 + Level 3.7 Unarmed Combat
 * Level 3.9 Shapeshifting


You had 3 spell levels left.
You didn't know any spells.
Your spell library contained the following spells:

 Spells                   Type           Power      Damage    Failure   Level
 Cigotuvi's Dreadful Rot  Necr/Pois/Air  0%         N/A       50%         2
 Ignite Poison            Fire/Tmut/Pois 0%         N/A       75%         3
 Freezing Cloud           Conj/Ice/Air   0%         6-21      100%        5


Dungeon Overview and Level Annotations

Branches:
Dungeon (4/15)
 Temple: D:4-7

Altars:

Shops:
D:3 [

Annotations:
D:3 Pargi


Innate Abilities, Weirdness & Mutations

You are a hulking beast.
Your limbs bulge with bestial killing power. (Slay +2)
Your plain brown scales are hard. (AC +5)
You cannot fit into any form of body armour.
You are cold-blooded and may be slowed by cold attacks.


Message History

The gnoll hits you from afar with a +0 halberd.
You barely miss the gnoll. You tail-slap the gnoll.
The gnoll is moderately wounded.
The gnoll hits you with a +0 club. The gnoll closely misses you.
You hit the gnoll.
The gnoll is moderately wounded.
The gnoll barely misses you. The gnoll hits you with a +0 club.
You barely miss the gnoll. You tail-slap the gnoll.
The gnoll is moderately wounded.
The gnoll barely misses you. x2
You hit the gnoll.
The gnoll is severely wounded.
The gnoll closely misses you. The gnoll misses you.
You hit the gnoll but do no damage.
The gnoll is severely wounded.
The gnoll hits you from afar with a +0 halberd.
The gnoll hits you with a +0 club.
You hit the gnoll.
The gnoll is severely wounded.
The gnoll misses you. The gnoll completely misses you.
You punch the gnoll!
You kill the gnoll!
The gnoll hits you with a +0 halberd.
You see here a +0 club.
You hit the gnoll.
The gnoll is moderately wounded.
The gnoll hits you with a +0 halberd.
You hit the gnoll but do no damage.
The gnoll is moderately wounded.
The gnoll hits you with a +0 halberd!
* * * LOW HITPOINT WARNING * * *
You barely miss the gnoll.
The gnoll is moderately wounded.
The gnoll hits you with a +0 halberd.
* * * LOW HITPOINT WARNING * * *
You barely miss the gnoll.
You tail-slap the gnoll, but do no damage.
The gnoll is moderately wounded.
The gnoll hits you with a +0 halberd!
You die...

...#..........
...#.........#
.............#
#........ ..#
#......##.#
##.>......# ##
##.....<...# #.### g
.....(.....##....#..
..###....<#h........
#..<...)g........
##.#.##......>...
#.#####......... ..
#......... ##.
##...#.... #.
#.....#.. ..
#..#...[# ..
#.....#..


You could see a gnoll.

Vanquished Creatures
  Robin (D:3)
  2 gnolls (D:4)
  2 adders
  A worm (D:2)
  3 dart slugs
  9 endoplasms
  2 giant cockroaches (D:1)
  9 goblins
  9 hobgoblins
  A quokka (D:4)
  5 ball pythons
  2 bats
  2 frilled lizards
  5 kobolds
  2 rats
55 creatures vanquished.

Notes
Turn   | Place    | Note
-------+----------+-------------------------------------------
     0 | D:1      | Turgor the Draconian Shapeshifter began the quest for the
                  | Orb.
     0 | D:1      | Reached XP level 1. HP: 16/16 MP: 1/1
    95 | D:1      | Reached XP level 2. HP: 23/23 MP: 2/2
   590 | D:2      | Reached XP level 3. HP: 29/29 MP: 3/3
  1405 | D:3      | Noticed Robin
  1418 | D:3      | Killed Robin
  1419 | D:3      | Reached XP level 4. HP: 33/36 MP: 4/4
  1864 | D:3      | Noticed Pargi
  1992 | D:3      | Found Fitof's Antique Armour Shop.
  2231 | D:4      | Slain by a gnoll

Illustrated notes

Levels and vault maps discovered:
D:1:      spicycebolla_arrival_transporter_tutorial, layout_rooms
D:2:      layout_basic, serial_aquarium, aquarium_bridge_square
          [aquarium_subvault_bridge, aquarium_subvault_balcony,
          aquarium_subvault_bridge, aquarium_subvault_wall], aquarium_window_1,
          aquarium_window_1, aquarium_window_1, aquarium_window_1,
          aquarium_view_2f, aquarium_pool_2
D:3:      layout_loops_ring, serial_shops, shop, uniq_robin, uniq_pargi
D:4:      layout_cave_pools, nicolae_kite_square_tiling_tiny,
          chequers_serial_rivers_room_b, minmay_stone_trees_small,
          minmay_statues_item

Skill      XL: |  1  2  3 |
---------------+----------+-----
Dodging        | 2 |  2.5
Fighting       | 2 |  2.4
Unarmed Combat | |  3.7
Shapeshifting  | |  3.9

Action                     |  1- 3 |  4- 6 || total
---------------------------+-------+-------++-------
  Melee: Unarmed           |   105 |    47 ||   152
         Tailslap          |     9 |     7 ||    16
         Punch             |     3 |     1 ||     4
    Use: Potion            |     1 |       ||     1
   Stab: Sleeping          |     1 |     1 ||     2
 Armour: Skin              |    52 |    23 ||    75
  Dodge: Dodged            |    38 |    24 ||    62

Table legend: (Time is in decaauts)
 A = Elapsed time spent in this place.
 B = Non-inter-level travel time spent in this place.
 C = Inter-level travel time spent in this place.
 D = Time resting spent in this place.
 E = Time spent auto-exploring this place.
 F = Levels seen in this place.
 G = Mean time per level.
                   A        B        C        D        E       F      G
               +--------+--------+--------+--------+--------+-----+--------+
         Total |   2223 |   2094 |    129 |     40 |   1511 |   4 |  555.8 |
       Dungeon |   2223 |   2094 |    129 |     40 |   1511 |   4 |  555.8 |
               +--------+--------+--------+--------+--------+-----+--------+

Top non-repeatable levels by time:
     D:2: 892 daAuts
     D:3: 826 daAuts
     D:1: 463 daAuts
     D:4: 41 daAuts
